 Dungeon Crawl Stone Soup version 0.19-a0-1886-gd64a0f0 (webtiles) character file.

47093 Arkorax the Fighter (level 14, -1/108 HPs)
             Began as an Octopode Berserker on Oct 15, 2016.
             Was a High Priest of Trog.
             Slain by a hippogriff (2 damage)
             ... on level 6 of the Lair of Beasts on Oct 16, 2016.
             The game lasted 00:31:57 (17600 turns).

Arkorax the Fighter (Octopode Berserker)           Turns: 17600, Time: 00:31:58

Health: -1/108     AC:  1    Str: 21    XL:     14   Next: 40%
Magic:  14/14      EV:  2    Int:  9    God:    Trog [*****.]
Gold:   967        SH:  0    Dex: 21    Spells: 0 memorised, 13 levels left

rFire  . . .     SeeInvis .     W - +3 eveningstar (drain)
rCold  . . .     Gourm    .     (no shield)
rNeg   + + +     Faith    .     (helmet restricted)
rPois  ∞         Spirit   .     (no amulet)
rElec  .         Dismiss  .     j - +4 ring of dexterity
rCorr  .         Reflect  .     u - +3 ring of strength
MR     ++...     Harm     .     B - ring of stealth
Stlth  ++++......               Q - ring of protection from magic
                                (no ring)
                                (no ring)
                                (no ring)
                                (no ring)

@: petrified, barbed spikes
A: almost no armour, stealthy swim, amphibious, 8 rings, constrict 8, camouflage
1, strong 1, gelatinous body 1
a: Berserk, Trog's Hand, Brothers in Arms, Burn Spellbooks, Renounce Religion


You were on level 6 of the Lair of Beasts.
You worshipped Trog.
Trog was extremely pleased with you.
You were not hungry.

You visited 2 branches of the dungeon, and saw 17 of its levels.
You also visited: Bailey.

You collected 1087 gold pieces.
You spent 120 gold pieces at shops.

Inventory:

Hand Weapons
 J - the +9 staff of Olgreb {rPois}
   (You found it on level 9 of the Dungeon)

   It protects you from poison.
 W - a +3 eveningstar of draining (weapon)
   (You acquired it on level 1 of the Lair of Beasts)
Missiles
 V - 5 curare-tipped needles
Jewellery
 j - a +4 ring of dexterity (left tentacle)
 p - an uncursed amulet of harm
 r - an uncursed ring of ice
 u - a +3 ring of strength (right tentacle)
 B - a ring of stealth (on tentacle)
 Q - a ring of protection from magic (on tentacle)
Wands
 i - a wand of random effects (30/48)
 y - a wand of polymorph (13/24)
 A - a wand of iceblast (5/15)
 D - a wand of teleportation (4/9) {!d}
 F - a wand of disintegration (5/24)
 G - a wand of acid (4/15)
 H - a wand of disintegration (13/24)
 O - a wand of iceblast (12/15)
 P - a wand of paralysis (16/24)
 R - a wand of hasting (3/9) {!d}
 S - a wand of slowing (13/48)
Scrolls
 c - 10 scrolls of remove curse
 d - 6 scrolls of teleportation {!r}
 e - 5 scrolls of amnesia
 k - 3 scrolls of identify
 m - 4 scrolls of recharging
 s - a scroll of noise {!r}
 v - 2 scrolls of blinking
 z - a scroll of fog
 L - 3 scrolls of enchant armour
Potions
 a - 3 potions of berserk rage
 g - 10 potions of heal wounds {!q}
 h - 10 potions of curing
 n - 3 potions of lignification {!q}
 o - 2 potions of might {!q}
 t - 2 potions of degeneration {!q}
 w - a potion of haste {!q}
 x - 3 potions of cancellation {!q}
 C - a potion of resistance {!q}
 E - a potion of cure mutation {!q}
 N - a potion of magic {!q}
 U - a potion of ambrosia
Books
 M - a book of Battle
Comestibles
 b - 3 bread rations {!e}
 f - 5 meat rations {!e}
 l - 2 beef jerkies
 q - 6 fruits
 I - 11 royal jellies
 K - 3 slices of pizza
 T - 5 chunks of flesh


   Skills:
 + Level 14.2 Fighting
 + Level 14.2 Maces & Flails
 + Level 14.1 Dodging


You had 13 spell levels left.
You didn't know any spells.

Dungeon Overview and Level Annotations

Branches:
Dungeon (11/15)            Temple (0/1) D:5            Lair (6/6) D:10
 Shoals (0/4) Lair:4        Snake (0/4) Lair:4        Slime (0/5) Lair:6
    Orc (0/2) D:10

Altars:
Kikubaaqudgha
Makhleb
Qazlal
Ru
Sif Muna
The Shining One

Shops:
D:6 %   D:8 *   D:11 ?

Annotations:
D:9 1 runed door
Lair:4 exclusion: ice statue


Innate Abilities, Weirdness & Mutations

You cannot wear most types of armour.
You are very stealthy in the water. (Stealth+)
You are amphibious.
You can wear up to eight rings at the same time.
You can use your tentacles to constrict eight enemies at once.
Your skin changes colour to match your surroundings (Stealth+).
Your rubbery body absorbs attacks. (AC +1, EV +1)
Your muscles are strong. (Str +2)


Message History

Damage: 2 (max 11) Unknown command.
Yer surroundin's sudd'nly seem different.
Tha blink frog misses ye.
Ye haf turn'd ta stone.
Found a lajatang.
A yak, a hippogriff an' a blink frog come inta view.
Tha blink frog hits ye.
Tha blink frog blinks!
Tha blink frog hits ye!!
Tha blink frog blinks!
Tha hippogriff screeches!
A wolf comes inta view.
Ye hear a trumpetin'! x2; Tha wolf howls!
Ye hear a howl!
Tha blink frog hits ye!
An elephant comes inta view.
Tha blink frog hits ye.
Tha manticore flicks its tail.
Tha volley o' spikes hits ye!
Tha barbed spikes become lodged in yer body.
Tha blink frog hits ye!!
Tha blink frog blinks!
Tha yak gores ye!
* * * LOW HITPOINT WARNIN'
* * * A wolf an' an elephant come inta view.
Tha blink frog blinks!
Tha yak gores ye.
A wolf comes inta view.
Tha wolf bites ye!
* * * LOW HITPOINT WARNIN'
* * * Tha manticore flicks its tail.
Tha volley o' spikes hits ye!
Tha barbed spikes become lodged in yer body.
* * * LOW HITPOINT WARNIN'
* * * Tha yak gores ye!
* * * LOW HITPOINT WARNIN'
* * * A wolf comes inta view.
Tha wolf bites ye!
* * * LOW HITPOINT WARNIN'
* * * Tha hippogriff bites ye!
* * * LOW HITPOINT WARNIN'
* * * Tha hippogriff pecks ye!
* * * LOW HITPOINT WARNIN'
* * * Tha hippogriff claws ye!
* * * LOW HITPOINT WARNIN'
* * * Tha wolf bites ye.
* * * LOW HITPOINT WARNIN'
* * * Tha yak gores ye!
* * * LOW HITPOINT WARNIN'
* * * Tha elephant trumpets!
Tha wolf howls!
Tha wolf bites ye.
* * * LOW HITPOINT WARNIN'
* * * Tha hippogriff bites ye!
* * * LOW HITPOINT WARNIN'
* * * Tha hippogriff pecks ye.
Ye die...

......§.†....# #............P.
......§#.#...#. #........#.#...
.......§†..Y.#. ##.......##....
.......§#......### #.............
........##.......# #.............
#.......#####...H###.......##...#
#.......#..)#.....#........##....
######### #...h.P##........ #...
#..Y@.##.............
#..hH##..............
....h.Y.###.............
...hF..## #...........#. ......#
#........#...# #.Y...
##............. #P.###
#..........###. ### #......... #.
#..........###.


You could see 2 elephants, a manticore, a hippogriff, 2 yaks, a blink frog and 4
wolves.

Vanquished Creatures
  7 hydras
  Pikel (D:7)
  5 hill giants
  2 orc knights
  An ugly thing (D:10)
  A deep elf mage (D:9)
  3 elephants (Lair:6)
  5 black mambas
  A siren (Lair:4)
  15 spiny frogs
  Joseph (Lair:1)
  6 komodo dragons
  3 rime drakes
  The ghost of Anmu the Chopper, an amateur DsFi of Vehumet (D:4)
  A two-headed ogre (D:9)
  7 hippogriffs
  22 blink frogs
  17 dream sheep
  2 slime creatures (Lair:6)
  A basilisk (Lair:1)
  23 yaks
  6 wyverns
  Grum (Lair:1)
  A hungry ghost (D:9)
  4 soldier ants (D:9)
  4 nagas (Lair:4)
  19 water moccasins
  12 porcupines
  Duvessa (D:7)
  A black bear (D:8)
  13 orc warriors
  7 ice beasts
  3 slaves (D:7)
  5 sky beasts
  5 phantoms
  9 wolves
  6 ogres
  4 centaurs
  9 crocodiles
  A big kobold (D:10)
  7 bullfrogs
  Dowan (D:7)
  2 scorpions
  18 killer bees
  2 vampire bats (D:3)
  A howler monkey (D:9)
  9 crimson imps
  2 centaur zombies
  7 hounds
  3 bullfrog zombies
  7 jellies
  8 orc priests
  9 orc wizards
  3 bullfrog skeletons
  Ijyb (D:2)
  Terence (D:2)
  5 iguanas
  2 killer bee zombies
  10 worker ants
  2 worker ant zombies (D:11)
  15 gnolls
  13 adders
  2 shadow imps
  3 white imps (Lair:4)
  8 oozes
  2 adder zombies
  4 worms
  A dart slug (D:1)
  6 leopard geckos
  50 orcs
  3 bat skeletons (D:3)
  3 bat zombies (D:3)
  4 giant cockroaches
  16 goblins
  29 hobgoblins
  13 jackals
  A quokka (D:6)
  12 bats
  6 frilled lizards
  A goblin skeleton (D:4)
  2 hobgoblin zombies (D:4)
  8 kobolds
  A kobold skeleton (D:4)
  A kobold zombie (D:4)
  2 leopard gecko zombies
  An orc skeleton (D:4)
  An orc zombie (D:4)
  12 rats
  4 fungi (D:10)
  A plant (D:10)
561 creatures vanquished.

Vanquished Creatures (collateral kills)
  An orc warlord (Bailey)
  An orc knight (Bailey)
  A polar bear (Lair:6)
  3 yaks (Lair:6)
  An orc warrior (Bailey)
  A gnoll (Bailey)
  An orc (Bailey)
  A goblin (Bailey)
  2 hobgoblins (Bailey)
12 creatures vanquished.

Vanquished Creatures (others)
  A centaur (D:7)
  A scorpion (D:7)
  A hound (D:4)
  A bullfrog skeleton (D:4)
  A leopard gecko (D:7)
  A quokka (D:7)
  2 bushes (Lair:3)
  20 fungi
  6 plants
34 creatures vanquished.

Grand Total: 607 creatures vanquished

Notes
Turn   | Place    | Note
-------+----------+-------------------------------------------
     0 | D:1      | Arkorax the Octopode Berserker began the quest for the Orb.
     0 | D:1      | Reached XP level 1. HP: 16/16 MP: 1/1
   258 | D:1      | Reached XP level 2. HP: 21/21 MP: 2/2
   611 | D:1      | Reached XP level 3. HP: 26/26 MP: 3/3
   641 | D:1      | Reached ** piety under Trog
  1108 | D:2      | Noticed Ijyb
  1122 | D:2      | Killed Ijyb
  1122 | D:2      | Reached XP level 4. HP: 30/33 MP: 4/4
  1312 | D:2      | Reached skill level 4 in Fighting
  1380 | D:2      | Noticed Terence
  1388 | D:2      | Killed Terence
  1388 | D:2      | Reached skill level 4 in Dodging
  1388 | D:2      | Reached XP level 5. HP: 37/37 MP: 5/5
  1478 | D:2      | Found a deep blue altar of Sif Muna.
  1636 | D:2      | Reached skill level 4 in Maces & Flails
  2228 | D:3      | Found an ancient bone altar of Kikubaaqudgha.
  2243 | D:3      | Reached *** piety under Trog
  2243 | D:3      | Reached XP level 6. HP: 32/44 MP: 6/6
  2717 | D:4      | Noticed Anmu's ghost (amateur DsFi)
  2740 | D:4      | Killed Anmu's ghost
  2740 | D:4      | Reached skill level 5 in Fighting
  2740 | D:4      | Reached skill level 5 in Maces & Flails
  2740 | D:4      | Reached skill level 5 in Dodging
  2740 | D:4      | Reached XP level 7. HP: 31/50 MP: 7/7
  2853 | D:4      | Found a glowing golden altar of the Shining One.
  2913 | D:4      | Found a stormy altar of Qazlal.
  3424 | D:5      | Entered Level 5 of the Dungeon
  3452 | D:5      | Reached **** piety under Trog
  3645 | D:5      | Reached XP level 8. HP: 55/57 MP: 8/8
  3705 | D:5      | Reached skill level 6 in Fighting
  3705 | D:5      | Reached skill level 6 in Maces & Flails
  3705 | D:5      | Reached skill level 6 in Dodging
  3947 | D:5      | Found a staircase to the Ecumenical Temple.
  4468 | D:6      | Reached skill level 7 in Dodging
  4533 | D:6      | Reached skill level 7 in Fighting
  4570 | D:6      | Reached skill level 7 in Maces & Flails
  4577 | D:6      | Found Upti's Food Boutique.
  4676 | D:6      | Reached XP level 9. HP: 64/64 MP: 9/9
  5148 | D:7      | Found a burning altar of Makhleb.
  5272 | D:7      | HP: 19/64 [ogre/giant spiked club (26)]
  5442 | D:7      | Noticed Pikel
  5683 | D:7      | Reached skill level 8 in Maces & Flails
  5683 | D:7      | Reached skill level 8 in Dodging
  5718 | D:7      | Reached skill level 8 in Fighting
  5754 | D:7      | Killed Pikel
  5767 | D:7      | Got an encrusted hand axe {chop}
  5797 | D:7      | Found a flagged portal.
  5806 | Bailey   | Entered a bailey
  5977 | Bailey   | Reached XP level 10. HP: 67/73 MP: 10/10
  6232 | Bailey   | Noticed an orc warlord
  6234 | Bailey   | Noticed an orc knight
  6234 | Bailey   | Noticed an orc knight
  6241 | Bailey   | Reached skill level 9 in Dodging
  6246 | Bailey   | Killed an orc warlord
  6246 | Bailey   | Reached skill level 9 in Fighting
  6246 | Bailey   | Reached skill level 9 in Maces & Flails
  6271 | Bailey   | Killed an orc knight
  6301 | Bailey   | Killed an orc knight
  6454 | Bailey   | Got a dazzling spear
  6457 | Bailey   | Gained mutation: Your muscles are strong. (Str +2) [potion of beneficial mutation]
  6509 | Bailey   | Identified the +6 spear of the Forsaken Wonders {freeze, Str+6} (You found it in a bailey)
  6743 | D:7      | Noticed Dowan
  6744 | D:7      | Noticed Duvessa
  6754 | D:7      | Killed Duvessa
  6761 | D:7      | Killed Dowan
  6994 | D:7      | Identified the cursed +1 plate armour "Uso Wio" {SInv} (You found it on level 7 of the Dungeon)
  7216 | D:8      | Reached skill level 10 in Fighting
  7403 | D:8      | Reached XP level 11. HP: 76/81 MP: 11/11
  7408 | D:8      | Reached skill level 10 in Dodging
  7518 | D:8      | Found Komyman's General Store.
  7523 | D:8      | Reached skill level 10 in Maces & Flails
  7625 | D:9      | Found a runed door.
  7629 | D:9      | Found a runed gate.
  7660 | D:9      | Found a runed gate.
  7660 | D:9      | Found a runed gate.
  7681 | D:9      | Found a runed door.
  8107 | D:9      | Reached ***** piety under Trog
  8223 | D:9      | Found a sacrificial altar of Ru.
  8553 | D:10     | Entered Level 10 of the Dungeon
  8627 | D:10     | Noticed an orc knight
  8630 | D:10     | Noticed a red ugly thing
  8783 | D:10     | Noticed a deep elf mage
  8842 | D:9      | Killed a deep elf mage
  9186 | D:10     | Found a staircase to the Lair.
  9207 | D:10     | Noticed a hill giant
  9216 | D:10     | Killed a hill giant
  9216 | D:10     | Reached skill level 11 in Fighting
  9216 | D:10     | Reached skill level 11 in Dodging
  9306 | D:10     | Found a staircase to the Orcish Mines.
  9376 | D:10     | Noticed a hill giant
  9384 | D:10     | Killed a hill giant
  9384 | D:10     | Reached skill level 11 in Maces & Flails
  9413 | D:10     | HP: 15/83 [red ugly thing (16)]
  9413 | D:10     | HP: 1/83 [red ugly thing (14)]
  9552 | D:10     | HP: 7/83 [red ugly thing (19)]
  9894 | D:10     | Killed a red ugly thing
  9990 | D:10     | Killed an orc knight
  9990 | D:10     | Reached XP level 12. HP: 39/90 MP: 12/12
 10243 | D:10     | Received a gift from Trog
 10605 | D:11     | Found Idutuh's Magic Scroll Shoppe.
 10619 | D:11     | Bought a scroll of blinking for 120 gold pieces
 10946 | Lair:1   | Entered Level 1 of the Lair of Beasts
 11055 | Lair:1   | Noticed Grum
 11065 | Lair:1   | Killed Grum
 11158 | Lair:1   | Identified a scroll of acquirement
 11487 | Lair:1   | Noticed Joseph
 11495 | Lair:1   | Killed Joseph
 11643 | Lair:2   | Reached skill level 12 in Fighting
 11643 | Lair:2   | Reached skill level 12 in Dodging
 11751 | Lair:2   | Reached skill level 12 in Maces & Flails
 11929 | Lair:2   | Noticed a four-headed hydra
 11936 | Lair:2   | Killed a four-headed hydra
 12780 | Lair:3   | Reached XP level 13. HP: 64/98 MP: 13/13
 13287 | Lair:3   | Reached skill level 13 in Fighting
 13344 | Lair:4   | Found a staircase to the Snake Pit.
 13349 | Lair:4   | Reached skill level 13 in Maces & Flails
 13349 | Lair:4   | Reached skill level 13 in Dodging
 13361 | Lair:4   | HP: 44/148 [poisoned by a naga (splash of poison)]
 13366 | Lair:4   | HP: 27/99 [poisoned by a naga (splash of poison)]
 13371 | Lair:4   | HP: 21/99 [poisoned by a naga (splash of poison)]
 13376 | Lair:4   | HP: 19/99 [poisoned by a naga (splash of poison)]
 13383 | Lair:4   | HP: 19/99 [poisoned by a naga (splash of poison)]
 13388 | Lair:4   | HP: 10/99 [poisoned by a naga (splash of poison)]
 13704 | Lair:4   | Found a staircase to the Shoals.
 14171 | Lair:4   | HP: 38/148 [rime drake/flash freeze (20)]
 14176 | Lair:4   | HP: 40/148 [poisoned by a spiny frog]
 14181 | Lair:4   | HP: 40/148 [poisoned by a spiny frog]
 14188 | Lair:4   | HP: 27/99 [poisoned by a spiny frog]
 14592 | Lair:4   | Received a gift from Trog
 16079 | Lair:5   | Reached XP level 14. HP: 98/107 MP: 14/14
 16430 | Lair:6   | Entered Level 6 of the Lair of Beasts
 16505 | Lair:6   | Thael: eyyyy
 16507 | Lair:6   | Arkorax: heyo
 16742 | Lair:6   | Arkorax: OpBe - not smart
 16824 | Lair:6   | Thael: XD
 16859 | Lair:6   | Reached skill level 14 in Fighting
 16864 | Lair:6   | Reached skill level 14 in Maces & Flails
 16871 | Lair:6   | Thael: great thinking
 16871 | Lair:6   | Arkorax: its pretty meh haha
 16952 | Lair:6   | Reached skill level 14 in Dodging
 17034 | Lair:6   | Found a staircase to the Slime Pits.
 17101 | Lair:6   | HP: 20/108 [catoblepas (27)]
 17122 | Lair:6   | Thael: yesterday I played assassin, transmuter and fire mage
 17129 | Lair:6   | Arkorax: Op?
 17136 | Lair:6   | Thael: yes
 17138 | Lair:6   | Arkorax: its complete shit right
 17139 | Lair:6   | HP: 25/108 [acid (9)]
 17492 | Lair:6   | Thael: actually, the fire mage was pretty good
 17496 | Lair:6   | Thael: not to mention the assassin
 17497 | Lair:6   | Thael: how did you set the language to pirate? :0
 17497 | Lair:6   | Arkorax: im super bad at casters
 17497 | Lair:6   | Arkorax: fake_lang = dwarven
 17586 | Lair:6   | Thael: like, in the chat, or...
 17599 | Lair:6   | HP: 30/108 [wolf (3)]
 17599 | Lair:6   | HP: 7/108 [yak (8)]
 17600 | Lair:6   | HP: 1/108 [hippogriff (3)]
 17600 | Lair:6   | Slain by a hippogriff

Vault maps used:
D:1:      tarquinn_simple_flora_water_b, minmay_fountain_box, hex_tiny,
          st_stairs_14
D:2:      led_sif_pool, uniq_terence, uniq_iyjb
D:3:      kennysheep_vampire_church, uniq_robin
D:4:      grunt_qazlal_sundering, nicolae_tso_besieged_by_evil,
          lemuel_flame_loot_1
D:5:      first_bread
D:6:      serial_shops, nicolae_shop_waterfront
D:7:      nicolae_overflow_hidden_temple, enter_bailey_2, uniq_pikel,
          uniq_duvessa
D:8:      serial_shops, kennysheep_little_box, hangedman_little_slice_of_home
D:9:      overflow_temple_1_default, minmay_guarded_unrand_staff_of_olgreb
D:10:     minmay_curly_fans, due_lair_maze_entry_diamond, david_orc_2
D:11:     serial_shops, nicolae_shop_stone
Lair:1:   serial_bayou_shore_b, uniq_joseph, uniq_grum
Lair:4:   minmay_shoals_entry_lonely_mermaid,
          minmay_snake_entry_guardpost_small, ice2_lemuel, grunt_megastairs_2
Lair:5:   st_stairs_7
Lair:6:   hangedman_lair_in_review, minmay_slime_entry_pillars, st_stairs_4
Bailey:   bailey_axe_minmay_hex_keep, bailey

Skill      XL: |  1  2  3  4  5  6  7  8  9 10 11 12 13 14 |
---------------+-------------------------------------------+-----
Fighting       | 4 5 7 8 10 11 12 13 14 | 14.2
Dodging        | 4 5 7 8 9 11 12 13 14 | 14.1
Maces & Flails | 4 5 7 8 9 11 12 13 14 | 14.2

Action                   |  1- 3 |  4- 6 |  7- 9 | 10-12 | 13-15 || total
-------------------------+-------+-------+-------+-------+-------++-------
Melee: Mace              |    64 |   120 |   170 |       |       ||   354
       Tentacles         |    13 |    38 |    80 |   231 |   125 ||   487
       Constrict         |    15 |    37 |    68 |   117 |    51 ||   288
       Flail             |       |       |    78 |       |       ||    78
       Whip              |       |       |    29 |   321 |       ||   350
       War axe           |       |       |    12 |       |       ||    12
       Staff             |       |       |       |   180 |       ||   180
       Eveningstar       |       |       |       |    84 |   349 ||   433
       Morningstar       |       |       |       |    69 |       ||    69
Invok: Berserk           |     1 |     3 |     3 |    19 |     6 ||    32
       Trog's Hand       |     1 |     2 |     5 |    14 |     5 ||    27
       Brothers in Arms  |       |       |       |     3 |     1 ||     4
       Burn Spellbooks   |       |       |       |     2 |     1 ||     3
Evoke: Wand              |       |       |       |     1 |     1 ||     2
  Use: Scroll            |       |       |     9 |    16 |    10 ||    35
       Potion            |       |       |       |     2 |       ||     2
 Stab: Sleeping          |     3 |    13 |     8 |    15 |     3 ||    42
       Distracted        |       |       |       |     1 |     1 ||     2
  Eat: Chunk             |     1 |     8 |     9 |    30 |    14 ||    62
       Meat ration       |       |       |     1 |     1 |       ||     2
       Bread ration      |       |       |     1 |     1 |     2 ||     4
       Fruit             |       |       |       |     3 |       ||     3
       Beef jerky        |       |       |       |     2 |       ||     2
Armor: Skin              |     5 |     9 |     8 |    14 |     4 ||    40
Dodge: Dodged            |    58 |    98 |   225 |   431 |   356 ||  1168

Table legend:
 A = Turns spent in this place as a percentage of turns spent in the entire game.
 B = Non-inter-level travel turns spent in this place as a percentage of non-inter-level travel turns spent in the entire game.
 C = Inter-level travel turns spent in this place as a percentage of turns spent in this place.
 D = Turns resting spent in this place as a percentage of non-inter-level travel turns spent in this place.
 E = Turns spent auto-exploring this place as a percentage of non-inter-level travel turns spent in this place.
 F = Non-inter-level travel turns spent in this place divided by the number of levels of this place that you've seen.
                   A       B       C       D       E      F
               +-------+-------+-------+-------+-------+----------------------
         Total | 100.0 | 100.0 |   0.3 |   3.2 |   8.7 | 375.9
       Dungeon |  61.2 |  61.2 |   0.3 |   2.9 |   8.8 | 376.5
          Lair |  31.4 |  31.4 |   0.3 |   3.5 |   9.7 | 354.0
        Bailey |   7.4 |   7.4 |   0.0 |   3.4 |   4.2 | 501.0
               +-------+-------+-------+-------+-------+----------------------

Vault maps used:
D:1:      tarquinn_simple_flora_water_b, minmay_fountain_box, hex_tiny,
          st_stairs_14
D:2:      led_sif_pool, uniq_terence, uniq_iyjb
D:3:      kennysheep_vampire_church, uniq_robin
D:4:      grunt_qazlal_sundering, nicolae_tso_besieged_by_evil,
          lemuel_flame_loot_1
D:5:      first_bread
D:6:      serial_shops, nicolae_shop_waterfront
D:7:      nicolae_overflow_hidden_temple, enter_bailey_2, uniq_pikel,
          uniq_duvessa
D:8:      serial_shops, kennysheep_little_box, hangedman_little_slice_of_home
D:9:      overflow_temple_1_default, minmay_guarded_unrand_staff_of_olgreb
D:10:     minmay_curly_fans, due_lair_maze_entry_diamond, david_orc_2
D:11:     serial_shops, nicolae_shop_stone
Lair:1:   serial_bayou_shore_b, uniq_joseph, uniq_grum
Lair:4:   minmay_shoals_entry_lonely_mermaid,
          minmay_snake_entry_guardpost_small, ice2_lemuel, grunt_megastairs_2
Lair:5:   st_stairs_7
Lair:6:   hangedman_lair_in_review, minmay_slime_entry_pillars, st_stairs_4
Bailey:   bailey_axe_minmay_hex_keep, bailey
